 Dungeon Crawl Stone Soup version 0.28-a0-514-g0d7ab7f379 (webtiles) character file.

Game seed: 8736884872694858206

698 Demosthentine the Poker (level 7, -2/55 HPs)
             Began as a Merfolk Gladiator on Sept 23, 2021.
             Was an Initiate of the Shining One.
             Slain by a gnoll sergeant (11 damage)
             ... on level 5 of the Dungeon.
             The game lasted 00:03:17 (6053 turns).

Demosthentine the Poker (Merfolk Gladiator)         Turns: 6053, Time: 00:03:17

Health: -2/55      AC:  4    Str: 16    XL:     7   Next: 65%
Magic:  7/7        EV: 15    Int:  7    God:    the Shining One [......]
Gold:   209        SH:  0    Dex: 16    Spells: 6/6 levels left

rFire   . . .      SeeInvis .   a - +0 trident
rCold   . . .      Faith    .   (no shield)
rNeg    . . .      Spirit   .   b - +0 leather armour
rPois   .          Reflect  .   c - +0 helmet
rElec   .          Harm     .   (no cloak)
rCorr   .          Rampage  .   (no gloves)
Will    .....                   (no boots)
Stlth   +.........              (no amulet)
HPRegen 0.18/turn               (no ring)
MPRegen 0.10/turn               (no ring)

@: glowing
A: (nimble swimmer 2), mertail
a: Renounce Religion


You were on level 5 of the Dungeon.
You worshipped the Shining One.
The Shining One was noncommittal.
You visited 2 branches of the dungeon, and saw 6 of its levels.

You collected 209 gold pieces.

Inventory:

Hand Weapons
 a - a +0 trident (weapon)
Missiles
 d - 2 throwing nets (quivered)
Armour
 b - a +0 leather armour (worn)
 c - a +0 helmet (worn)
Jewellery
 j - a ring of magical power
Scrolls
 f - a scroll of magic mapping
 g - a scroll of enchant weapon {unknown}
 h - 2 scrolls of identify
Potions
 e - a potion of flight


   Skills:
 + Level 4.9 Fighting
 + Level 7.3 Polearms
 - Level 2.0 Throwing
 + Level 2.8 Armour
 + Level 6.6 Dodging


You had 6 spell levels left.
You didn't know any spells.
Your spell library was empty.

Dungeon Overview and Level Annotations

Branches:
Dungeon (5/15)             Temple (1/1) D:4

Altars:
Ashenzari
Dithmenos
Fedhas
Gozag
Hepliaklqana
Makhleb
Qazlal
Ru
Sif Muna
Trog
Uskayaw
Wu Jian
Xom
Yredelemnul
Zin
The Shining One


Innate Abilities, Weirdness & Mutations

((You are quick and stealthy near water. (Stealth+, EV+, Speed+++)))
Your lower body shifts to a powerful aquatic tail in water.


Message History

You are too injured to fight recklessly!
You are too injured to fight recklessly!
You are too injured to fight recklessly!
You are too injured to fight recklessly!
Reach: a) +0 trident
Press: ? - help, Dir - move target, f/p - gnoll sergeant
Aim: a gnoll sergeant, wielding a +0 trident, wearing a +0 scale mail and wearing a +0 buckler (moderately wounded, about 29% to evade your +0 trident)
You reach to attack!
You hit the gnoll sergeant but do no damage.
The gnoll sergeant is moderately wounded.
The gnoll sergeant barely misses you.
Reach: a) +0 trident
Press: ? - help, Dir - move target, f/p - gnoll sergeant
Aim: a gnoll sergeant, wielding a +0 trident, wearing a +0 scale mail and wearing a +0 buckler (moderately wounded, about 29% to evade your +0 trident)
You reach to attack!
You barely miss the gnoll sergeant.
The gnoll sergeant is moderately wounded.
The gnoll sergeant barely misses you.
Reach: a) +0 trident
Press: ? - help, Dir - move target, f/p - gnoll sergeant
Aim: a gnoll sergeant, wielding a +0 trident, wearing a +0 scale mail and wearing a +0 buckler (moderately wounded, about 29% to evade your +0 trident)
You reach to attack!
You hit the gnoll sergeant but do no damage.
The gnoll sergeant is moderately wounded.
The gnoll sergeant closely misses you.
Reach: a) +0 trident
Press: ? - help, Dir - move target, f/p - gnoll sergeant
Aim: a gnoll sergeant, wielding a +0 trident, wearing a +0 scale mail and wearing a +0 buckler (moderately wounded, about 29% to evade your +0 trident)
You reach to attack!
You puncture the gnoll sergeant!
The gnoll sergeant is severely wounded.
The gnoll sergeant hits you from afar with a +0 trident!
* * * LOW HITPOINT WARNING * * *
Unknown command.
Unknown command.
Reach: a) +0 trident
Press: ? - help, Dir - move target, f/p - gnoll sergeant
Aim: a gnoll sergeant, wielding a +0 trident, wearing a +0 scale mail and wearing a +0 buckler (severely wounded, about 29% to evade your +0 trident)
You reach to attack!
The gnoll sergeant blocks your attack.
The gnoll sergeant is severely wounded.
The gnoll sergeant hits you from afar with a +0 trident!
You die...

......S........
...........# #
#.....ng# #
$..#####g#
#g#######.
#Sg....... #
#g########
#.#.#####.#
#.......@#
#.#.##.#### #.
#.##.# #.
#.##.#
#.##.##.#
#.#....##.#
#.........####
#####..#####.##
#..# ##...##


You could see a necrophage, a gnoll sergeant, 4 gnolls and an adder.

Vanquished Creatures
  A water moccasin (D:5)
  A necrophage (D:4)
  2 phantoms (D:4)
  A bullfrog zombie (D:5)
  2 jellies
  An iguana (D:5)
  2 scorpion zombies (D:5)
  5 gnolls
  8 adders
  2 adder skeletons
  A worm (D:3)
  2 orcs (D:3)
  6 ball pythons
  5 endoplasms
  A giant cockroach (D:1)
  7 hobgoblins
  2 quokkas
  4 bats
  A frilled lizard (D:1)
  3 goblins
  8 kobolds
  10 rats
75 creatures vanquished.

Vanquished Creatures (others)
  4 fungi (D:3)
4 creatures vanquished.

Grand Total: 79 creatures vanquished

Notes
Turn   | Place    | Note
-------+----------+-------------------------------------------
     0 | D:1      | Demosthentine the Merfolk Gladiator began the quest for the
                  | Orb.
     0 | D:1      | Reached XP level 1. HP: 16/16 MP: 1/1
   656 | D:1      | Reached XP level 2. HP: 23/23 MP: 2/2
  1126 | D:2      | Reached XP level 3. HP: 22/28 MP: 3/3
  1452 | D:2      | Found a faded altar of an unknown god.
  2133 | D:3      | Reached skill level 5 in Polearms
  2142 | D:3      | Reached skill level 1 in Armour
  2182 | D:2      | Reached XP level 4. HP: 3/35 MP: 4/4
  3388 | D:3      | Reached skill level 5 in Dodging
  3388 | D:3      | Reached XP level 5. HP: 32/41 MP: 5/5
  3552 | D:3      | Found a sacrificial altar of Ru.
  3966 | D:4      | Noticed a necrophage
  3974 | D:4      | Killed a necrophage
  3975 | D:4      | Reached skill level 6 in Polearms
  3975 | D:4      | Reached XP level 6. HP: 48/48 MP: 6/6
  4138 | D:4      | HP: 2/48 [adder (3)]
  4557 | D:4      | HP: 2/48 [phantom (2)]
  4564 | D:4      | Reached XP level 7. HP: 11/55 MP: 7/7
  4827 | D:4      | Found a staircase to the Ecumenical Temple.
  4860 | Temple   | Entered the Ecumenical Temple
  5073 | Temple   | Became a worshipper of the Shining One
  5336 | D:5      | Entered Level 5 of the Dungeon
  5518 | D:5      | Reached skill level 7 in Polearms
  6053 | D:5      | Slain by a gnoll sergeant

Illustrated notes

Levels and vault maps discovered:
D:1:      dpeg_arrival_boxes_within_box, layout_basic
D:2:      layout_basic, chequers_ecumenical_altar_island
D:3:      layout_basic, mainiacjoe_overflow_chevrons
D:4:      layout_rooms, minmay_temple_entry_statues_fountains,
          minmay_strange_pillars
D:5:      layout_loops_ring
Temple:   regret_index_temple_generic_petals

Skill      XL: |  1  2  3  4  5  6  7 |
---------------+----------------------+-----
Polearms       | 5 6 7 |  7.3
Armour         | 1 2 |  2.8
Fighting       | 3 4 |  4.9
Dodging        | 5 6 |  6.6
Throwing       | |  2.0

Action                   |  1- 3 |  4- 6 |  7- 9 || total
-------------------------+-------+-------+-------++-------
Melee: Trident           |   110 |   159 |    84 ||   353
Throw: Throwing net      |       |     2 |       ||     2
  Use: Scroll            |     3 |     2 |       ||     5
       Potion            |       |     3 |       ||     3
 Stab: Sleeping          |     1 |     3 |       ||     4
       Held in net/web   |       |     2 |       ||     2
Armor: Leather armour    |    15 |    21 |    12 ||    48
Dodge: Dodged            |    61 |    95 |    40 ||   196

Table legend: (Time is in decaauts)
 A = Elapsed time spent in this place.
 B = Non-inter-level travel time spent in this place.
 C = Inter-level travel time spent in this place.
 D = Time resting spent in this place.
 E = Time spent auto-exploring this place.
 F = Levels seen in this place.
 G = Mean time per level.
                   A        B        C        D        E       F      G
               +--------+--------+--------+--------+--------+-----+--------+
         Total |   6049 |   5941 |    108 |    689 |   4511 |   6 | 1008.2 |
       Dungeon |   5793 |   5685 |    108 |    689 |   4312 |   5 | 1158.6 |
        Temple |    255 |    255 |      0 |      0 |    199 |   1 |  255.0 |
               +--------+--------+--------+--------+--------+-----+--------+

Top non-repeatable levels by time:
     D:3: 1897 daAuts
     D:2: 1283 daAuts
     D:1: 1045 daAuts
     D:4: 854 daAuts
     D:5: 713 daAuts
  Temple: 255 daAuts
